Map: Akilon Wastes

Players

JagrsMullets

  • Race: Zerg Zerg
  • Spawn Location: 11:00

A.I. 1 (Harder) - Winner!

  • Race: Terran Terran
  • Spawn Location: 5:00

VOD

Have the link to the VOD?

Description

Time

  • Played on: Dec. 24, 2017, 5:38 p.m.
  • Length: 22:14
Show
View Real Time Build Order
Export as new Build Order

JagrsMullets Zerg 

Build Orders: Pool First 

Get SALT Encoding   

  12  0:03  Drone  
  13  0:11  Drone  
  14  0:23  Overlord  
  14  0:26  Overlord  
  14  0:44  Spawning Pool  
  13  0:50  Drone  
  13  0:51  Drone  
  13  0:54  Drone  
  16  1:10  Extractor  
  15  1:13  Extractor  
  14  1:35  Queen  
  14  1:38  Hatchery  
  15  1:43  Drone x2  
  17  1:50  Drone  
  18  2:05  Zergling x2  
  18  2:07  Zergling x2  
  20  2:23  Queen  
  20  2:27  Zergling x2  
  23  2:35  Metabolic Boost  
  23  2:38  Drone x2  
  25  2:51  Zergling x4  
  25  2:52  Zergling x2  
  28  3:11  Zergling x4  
  30  3:18  Drone  
  30  3:19  Drone x2  
  33  3:29  Drone x2  
  35  3:35  Zergling x2  
  36  3:46  Overlord  
  36  3:49  Overlord x2  
  36  4:04  Lair  
  36  4:06  Pneumatized Carapace  
  36  4:11  Zergling x8  
  40  4:45  Roach Warren  
  39  4:58  Baneling Nest  
  38  5:04  Zergling x4  
  38  5:05  Zergling x2  
  41  5:08  Overlord x3  
  41  5:12  Zergling x6  
  44  5:27  Hydralisk Den  
  43  5:30  Drone x3  
  46  5:38  Drone x2  
  46  5:41  Drone  
  49  5:47  Roach  
  51  5:53  Roach  
  53  6:06  Hydralisk x2  
  53  6:10  Drone  
  53  6:11  Drone x2  
  60  6:17  Drone x2  
  47  6:58  Hydralisk x2  
  47  6:59  Hydralisk x4  
  59  7:11  Centrifical Hooks  
  59  7:15  Glial Reconstitution  
  59  7:22  Hydralisk x2  
  59  7:23  Hydralisk  
  65  7:52  Roach x3  
  65  7:55  Roach x3  
  77  8:16  Spine Crawler  
  77  8:17  Spine Crawler x2  
  77  8:18  Spine Crawler  
  77  8:19  Spine Crawler x2  
  71  8:38  Hydralisk x5  
  71  8:40  Hydralisk  
  83  8:49  Overlord x3  
  83  8:50  Overlord  
  83  8:59  Spire  
  82  9:22  Infestation Pit  
  81  9:31  Hydralisk x2  
  81  9:34  Zergling x2  
  81  9:35  Zergling x6  
  89  9:51  Overlord x2  
  89  9:52  Drone, Extractor  
  89  9:53  Extractor  
  89  9:57  Drone x4  
  92  10:18  Mutalisk  
  92  10:19  Mutalisk  
  96  10:30  Drone x2  
  96  10:33  Drone x3  
  86  11:16  Hatchery  
  85  11:42  Mutalisk x6  
  97  11:49  Roach x3  
  97  11:50  Roach  
  105  12:47  Drone x4  
  105  12:48  Drone x2  
  111  13:20  Zergling x6  
  111  13:24  Drone x3  
  117  13:29  Zerg Flyer Weapons Level 1  
  117  13:33  Muscular Augments  
  117  13:34  Extractor x2  
  117  13:36  Hive  
  115  14:15  Drone x3  
  118  14:21  Mutalisk x7  
  88  14:43  Hydralisk x2  
  88  14:44  Hydralisk x7  
  98  14:47  Zergling x4  
  100  14:59  Zergling x6  
  103  15:14  Mutalisk x4  
  111  15:42  Queen  
  113  16:42  Drone  
  113  16:43  Drone x2  
  116  16:47  Drone x2  
  116  16:48  Drone  
  116  16:53  Overlord  
  116  16:54  Overlord x2  
  119  17:02  Adrenal Glands  
  119  17:46  Zergling x6  
  119  17:47  Zergling x14  
  119  17:48  Zergling x14  
  119  17:49  Zergling x4  
  57  18:23  Hydralisk x7  
  57  18:24  Hydralisk x2  
  55  19:04  Spore Crawler  
  55  19:05  Spore Crawler  
  55  19:07  Spore Crawler  
  55  19:08  Spore Crawler x3  
  49  19:12  Drone x2  
  49  19:13  Drone  
  49  19:14  Queen  
  49  19:16  Queen  
  56  19:26  Zerg Flyer Weapons Level 2  
  56  19:31  Mutalisk x3  
  56  19:35  Drone x3  
  65  19:48  Queen  
  67  20:18  Hydralisk x6  
  67  20:19  Hydralisk x3  
  78  20:55  Zergling x12  
  78  20:56  Zergling x10  
  57  21:14  Spine Crawler x2  
  57  21:15  Spine Crawler x2  
  57  21:16  Spine Crawler x2  
  57  21:17  Spine Crawler  
  44  21:18  Spine Crawler  
  37  21:31  Spore Crawler  
  31  21:34  Spore Crawler  
  30  21:40  Hydralisk x3  
  30  21:41  Hydralisk x4  
Show
View Real Time Build Order
Export as new Build Order

A.I. 1 (Harder) Terran - Winner!

Build Orders: MMM Bio 

Get SALT Encoding   

  12  0:00  SCV  
  13  0:13  SCV  
  14  0:18  Supply Depot  
  14  0:25  SCV  
  15  0:40  SCV  
  16  0:43  Barracks  
  16  0:49  Refinery  
  16  0:52  SCV  
  17  1:04  SCV  
  18  1:16  SCV  
  19  1:20  Supply Depot  
  19  1:28  SCV  
  19  1:31  Marine  
  21  1:40  Barracks  
  21  1:41  Orbital Command  
  21  1:48  Refinery  
  21  1:49  Barracks Tech Lab  
  21  2:04  Supply Depot  
  21  2:07  Marine  
  22  2:25  Marine  
  22  2:26  Marine  
  24  2:39  Supply Depot  
  24  2:43  Marauder  
  26  2:44  Marine  
  27  3:02  Marine  
  27  3:05  Marauder  
  30  3:13  Supply Depot  
  30  3:19  SCV  
  31  3:20  Marine  
  31  3:26  Marauder  
  34  3:31  SCV  
  34  3:32  Engineering Bay  
  35  3:38  Marine  
  36  3:43  SCV  
  36  3:47  Marine  
  39  3:55  SCV  
  39  3:56  Marine  
  39  3:59  Supply Depot  
  40  4:05  Marine  
  40  4:07  SCV  
  42  4:13  Marine  
  43  4:19  SCV  
  43  4:23  Marauder  
  46  4:44  Marauder  
  48  5:06  Marauder  
  50  5:51  Barracks Tech Lab, Reaper  
  50  5:52  Terran Infantry Weapons Level 1, Stimpack  
  50  5:54  Factory  
  51  5:57  Factory  
  51  5:59  Missile Turret  
  51  6:00  Missile Turret  
  51  6:01  Command Center  
  50  6:04  Ghost Academy  
  50  6:06  Supply Depot  
  50  6:08  Combat Shields  
  50  6:09  Marine  
  51  6:23  Reaper  
  52  6:26  Marine  
  52  6:28  Bunker  
  49  6:39  Factory Tech Lab  
  34  6:42  Starport  
  34  6:44  Marine  
  34  6:45  Starport, Factory Tech Lab  
  30  6:55  Marine  
  31  7:02  Marine  
  32  7:13  Marine  
  33  7:17  SCV  
  33  7:20  Marine  
  35  7:24  SCV  
  35  7:25  Starport Tech Lab x2, Refinery  
  35  7:29  SCV  
  37  7:31  Marine, Refinery  
  37  7:36  SCV  
  39  7:38  Marine  
  39  7:42  SCV  
  41  7:46  Terran Infantry Armor Level 1  
  41  7:48  SCV  
  41  7:49  Marauder  
  44  7:54  SCV  
  44  7:56  Marauder  
  47  8:00  SCV  
  48  8:06  SCV  
  48  8:11  Marauder  
  48  8:12  SCV, Concussive Shells  
  51  8:17  Marine  
  51  8:18  SCV  
  54  8:22  Raven  
  54  8:25  SCV  
  57  8:30  SCV  
  57  8:32  Marauder  
  57  8:33  Raven  
  62  8:35  Marine  
  62  8:37  SCV  
  64  8:42  SCV, Missile Turret  
  65  8:49  SCV  
  65  8:50  Missile Turret  
  65  8:53  Marine, Marauder  
  65  8:54  SCV  
  70  8:58  Supply Depot  
  70  9:01  SCV  
  71  9:06  SCV  
  72  9:10  Bunker  
  72  9:11  Marine  
  72  9:13  SCV  
  72  9:14  Marine  
  75  9:19  Sensor Tower  
  75  9:22  Armory  
  75  9:28  Marine  
  76  9:32  Marine, Barracks  
  77  9:46  Ghost  
  77  9:50  Marauder  
  81  10:08  Hellion  
  81  10:12  Factory, Siege Tank  
  86  10:15  Supply Depot  
  86  10:16  Starport  
  86  10:20  Barracks Reactor  
  86  10:25  Command Center  
  86  10:29  Siege Tank  
  89  10:36  Medivac  
  89  10:39  Supply Depot  
  89  10:42  Medivac  
  82  10:44  Marine, Siege Tank  
  82  10:49  Marine  
  66  10:53  Starport Reactor  
  66  10:56  Hellion  
  68  11:00  Marine  
  69  11:04  Marine  
  69  11:06  Raven  
  69  11:08  Marine  
  73  11:11  Raven  
  73  11:12  Marine  
  73  11:18  Factory Tech Lab  
  76  11:21  Marine  
  76  11:22  Marine  
  78  11:26  Marine  
  78  11:29  Medivac  
  78  11:30  Marine  
  82  11:35  Hellion  
  82  11:39  Hellion  
  86  11:43  Siege Tank  
  89  11:47  Marine  
  89  11:49  SCV, Raven  
  89  11:51  SCV  
  89  11:54  SCV  
  95  11:56  Marine, Siege Tank, Refinery  
  95  12:01  SCV, Siege Tank  
  102  12:03  SCV  
  102  12:04  Terran Infantry Weapons Level 2  
  102  12:06  SCV  
  105  12:10  Supply Depot  
  105  12:13  SCV  
  105  12:15  SCV, Siege Tank  
  110  12:18  SCV  
  111  12:25  SCV  
  111  12:27  SCV  
  111  12:28  Siege Tank  
  116  12:30  SCV  
  116  12:31  Infernal Pre-Igniter  
  117  12:37  SCV  
  117  12:39  SCV, Terran Vehicle Weapons Level 1  
  117  12:40  Supply Depot  
  117  12:42  SCV  
  120  12:47  Missile Turret  
  120  12:50  Missile Turret  
  120  12:55  Engineering Bay  
  120  13:04  Refinery  
  120  13:09  Fusion Core  
  120  13:10  Bunker  
  120  13:18  Armory  
  120  13:20  Terran Infantry Armor Level 2  
  122  13:55  Marauder  
  122  13:58  Marauder, Supply Depot  
  122  14:00  Viking  
  122  14:02  Widow Mine  
  128  14:04  Banshee  
  128  14:06  Marine, Terran Vehicle And Ship Armor Level 1  
  128  14:08  Marine  
  133  14:16  Marine  
  134  14:19  Marine  
  134  14:21  Viking  
  134  14:22  Supply Depot, Command Center  
  134  14:23  Widow Mine  
  134  14:24  Marine  
  139  14:26  Marine  
  139  14:27  Terran Infantry Weapons Level 3  
  139  14:31  Banshee  
  134  14:33  Terran Ship Weapons Level 1  
  134  14:35  Marauder  
  134  14:36  Marine  
  116  14:41  Marine  
  116  14:44  Marine  
  101  14:47  Battlecruiser  
  101  14:48  Siege Tank  
  110  14:54  Marine  
  110  14:55  Marine  
  110  14:57  Siege Tank  
  110  14:59  Marine  
  116  15:01  Marine  
  117  15:12  Marine  
  117  15:13  Marine  
  117  15:14  Raven  
  121  15:17  Marine  
  121  15:19  Marine  
  123  15:30  Marauder  
  123  15:32  Marauder  
  123  15:35  Marine  
  128  15:37  Marine, Terran Infantry Armor Level 3  
  129  15:48  Refinery  
  129  15:50  Missile Turret  
  129  15:51  Marine  
  129  15:52  Missile Turret, Refinery  
  129  15:53  Marauder  
  132  15:59  Terran Vehicle Weapons Level 2  
  132  16:14  Bunker  
  132  16:27  Terran Vehicle And Ship Armor Level 2  
  132  17:01  High Capacity Fuel Tanks  
  132  17:03  Neosteel Frame  
  132  17:18  Marine x3  
  135  17:36  Marauder x2  
  139  17:54  Marine x2  
  139  17:57  Marine x2  
  131  18:01  Widow Mine  
  114  18:08  Widow Mine  
  114  18:12  Marine x2  
  106  18:14  Siege Tank  
  106  18:15  Marine, Marauder  
  104  18:23  Siege Tank  
  107  18:30  Marine x2  
  107  18:33  Marauder  
  111  18:36  Marine  
  112  18:48  Marine x2  
  113  18:51  Raven  
  113  18:54  Marine, Marauder  
  114  19:04  Terran Ship Weapons Level 2  
  114  19:05  Marine, Raven, Hi-Sec Auto Tracking  
  114  19:06  Marine, Building Armor  
  114  19:07  Terran Vehicle And Ship Armor Level 3  
  114  19:08  Command Center  
  110  19:12  Marine  
  110  19:16  Marauder  
  113  19:23  Marine  
  113  19:24  Marine  
  115  19:30  Marine  
  116  19:37  Marine  
  117  19:48  Marauder  
  119  19:55  Marauder  
  119  19:58  Liberator  
  121  20:04  Liberator  
  121  20:13  Viking  
  122  20:17  Viking  
  122  20:19  Cyclone  
  130  20:22  SCV, Advanced Ballistics  
  130  20:23  Thor  
  140  20:33  Refinery  
  140  20:38  Missile Turret  
  140  20:40  Missile Turret  
  140  20:42  Refinery  
  140  20:49  SCV  
  139  20:56  Siege Tank  
  133  20:58  Marine  
  133  21:01  Bunker  
  133  21:54  Marine  
Tags
 
Composition
MMM Bio
Matchup
TvZ
Opening
Pool First
Spawn Locations
Cross Positions
Add a new tag
Caveats
  • Supply blocks, unpowered buildings, or Contaminate may cause inaccurate times.
  • Supply counts are checked every 10 seconds.